Map: Ice and Chrome LE

Players

prospeKt - Winner!

  • Race: Zerg Zerg
  • League: Platinum
  • Spawn Location: 1:00

whity

  • Race: Terran Terran
  • League: Platinum
  • Spawn Location: 7:00

VOD

Have the link to the VOD?

Description

Time

  • Played on: June 12, 2020, 6:31 a.m.
  • Length: 17:31
Show
View Real Time Build Order
Export as new Build Order

prospeKt Zerg - Winner!

Build Orders: Hatch First, Lurkers 

Get SALT Encoding   

  12  0:01  Drone  
  13  0:12  Overlord  
  13  0:19  Drone  
  14  0:31  Drone x2  
  14  0:34  Drone  
  17  1:07  Hatchery  
  16  1:13  Drone  
  16  1:14  Drone  
  16  1:18  Spawning Pool  
  17  1:23  Drone  
  18  1:26  Drone, Extractor  
  18  1:35  Drone  
  19  1:49  Drone  
  20  1:56  Overlord  
  20  2:08  Drone  
  21  2:18  Drone  
  21  2:19  Queen x2  
  21  2:20  Overlord  
  26  2:30  Drone x2  
  27  2:39  Zergling x2  
  26  2:44  Zergling x2  
  25  2:52  Drone x2  
  26  3:03  Queen  
  28  3:06  Drone x2  
  28  3:09  Lair  
  30  3:16  Drone x2  
  32  3:23  Drone  
  32  3:26  Drone  
  34  3:34  Drone x2  
  34  3:36  Overlord x2  
  36  3:49  Roach Warren  
  36  3:50  Drone  
  36  4:04  Drone  
  36  4:05  Drone x10  
  47  4:14  Extractor  
  47  4:15  Extractor  
  45  4:19  Overlord  
  45  4:20  Overlord  
  45  4:26  Drone  
  46  4:32  Roach  
  46  4:34  Glial Reconstitution  
  46  4:37  Roach  
  49  4:45  Drone x4  
  53  4:54  Evolution Chamber  
  53  4:59  Roach x3  
  62  5:00  Roach x2  
  62  5:06  Roach  
  64  5:21  Hatchery, Drone x4  
  67  5:23  Overlord x2  
  67  5:39  Zerg Missile Weapons Level 1  
  67  5:52  Hydralisk Den, Extractor  
  67  5:56  Drone x6  
  71  6:13  Overseer  
  71  6:21  Drone x6  
  77  6:29  Spine Crawler  
  72  6:44  Drone x8  
  72  6:45  Spine Crawler  
  79  6:47  Spine Crawler, Grooved Spines, Hydralisk  
  79  6:48  Hydralisk x2  
  84  6:54  Extractor  
  84  6:57  Extractor  
  82  7:08  Drone x7  
  88  7:09  Overlord  
  89  7:23  Overlord x2  
  89  7:43  Drone x3  
  89  7:44  Drone x5  
  97  7:51  Hydralisk  
  97  7:52  Hydralisk x3  
  105  7:58  Muscular Augments  
  105  7:59  Overlord x2  
  105  8:02  Hatchery  
  104  8:06  Hydralisk  
  104  8:07  Hydralisk x3  
  104  8:10  Overlord x2  
  112  8:16  Zerg Missile Weapons Level 2  
  112  8:18  Overlord x2  
  112  8:30  Hydralisk x4  
  120  8:47  Evolution Chamber, Hydralisk  
  120  8:48  Hydralisk x2  
  125  8:57  Hydralisk x8  
  141  9:10  Extractor  
  141  9:15  Extractor  
  139  9:30  Hydralisk x6  
  139  9:31  Hydralisk x4  
  151  9:32  Overlord  
  151  9:33  Overlord x3  
  159  9:40  Hatchery, Infestation Pit  
  159  9:42  Lurker Den  
  156  9:47  Drone x3  
  156  9:49  Overlord x2  
  159  10:01  Overseer x3  
  159  10:02  Hydralisk x2  
  159  10:03  Hydralisk x5  
  173  10:33  Hydralisk x4  
  173  10:34  Hydralisk x7  
  195  10:46  Hydralisk x5  
  151  10:58  Hydralisk x5  
  157  11:12  Hydralisk  
  157  11:13  Hydralisk x4  
  148  11:23  Hive  
  122  11:36  Drone  
  122  11:37  Drone x13  
  122  11:38  Drone x4  
  132  12:00  Hydralisk  
  132  12:01  Hydralisk x13  
  150  12:21  Hatchery  
  149  12:26  Hydralisk x7  
  149  12:27  Hydralisk x6  
  171  12:39  Overseer x2  
  171  12:41  Lurker  
  171  12:42  Lurker  
  173  12:45  Drone x4  
  177  12:58  Adaptive Talons  
  177  13:04  Zerg Ground Armor Level 1  
  177  13:38  Hydralisk x8  
  177  13:39  Hydralisk  
  195  13:48  Zerg Missile Weapons Level 3  
  195  13:52  Lurker  
  195  13:54  Overlord x2  
  195  13:55  Overlord, Seismic Spines  
  196  13:59  Extractor  
  196  14:00  Extractor  
  194  14:04  Spine Crawler, Spore Crawler  
  194  14:06  Spine Crawler, Spore Crawler  
  194  14:09  Spine Crawler  
  189  14:11  Spine Crawler x2, Spore Crawler  
  189  14:13  Spine Crawler x2  
  189  14:14  Spore Crawler  
  189  14:15  Spore Crawler  
  182  14:18  Spine Crawler  
  182  14:20  Spine Crawler, Drone x3  
  182  14:22  Drone x3  
  182  14:23  Drone x5  
  182  14:24  Drone  
  192  14:32  Lurker x4  
  192  14:33  Lurker x4  
  200  14:49  Metabolic Boost  
  200  14:54  Spire  
  197  15:18  Drone  
  197  15:19  Drone x2  
  200  15:27  Spine Crawler  
  200  15:28  Spine Crawler x2  
  198  15:29  Spine Crawler  
  198  15:31  Spine Crawler  
  195  15:43  Drone x4  
  181  15:58  Hatchery  
  164  16:14  Hydralisk  
  164  16:15  Hydralisk x24  
  164  16:16  Hydralisk x2  
  164  16:18  Drone  
  188  16:33  Hatchery  
  188  16:34  Hatchery  
  174  16:42  Hydralisk x13  
  200  17:02  Hatchery  
  200  17:04  Drone  
Show
View Real Time Build Order
Export as new Build Order

whity Terran 

Build Orders: Reaper Expand, Mech 

Get SALT Encoding   

  12  0:01  SCV  
  13  0:13  SCV  
  14  0:17  Supply Depot  
  14  0:25  SCV  
  15  0:38  SCV  
  15  0:39  Barracks  
  16  0:45  Refinery  
  16  0:51  SCV  
  17  1:03  SCV  
  18  1:17  SCV  
  19  1:29  Reaper  
  19  1:30  Orbital Command  
  20  1:49  Command Center  
  20  1:55  SCV  
  21  2:02  Marine  
  21  2:06  Supply Depot  
  21  2:07  SCV  
  23  2:12  Factory  
  23  2:27  SCV, Marine  
  25  2:39  SCV  
  26  2:45  Marine  
  27  2:52  SCV  
  28  3:04  SCV  
  29  3:07  Orbital Command  
  29  3:08  Refinery  
  29  3:12  Refinery  
  29  3:16  SCV  
  30  3:23  Starport, Factory Tech Lab  
  30  3:33  Marine  
  31  3:39  Factory  
  31  3:40  SCV x2  
  33  3:51  Bunker  
  33  3:52  SCV  
  33  3:53  SCV  
  35  3:57  Siege Tank  
  35  3:58  Marine  
  39  4:05  SCV x2  
  41  4:13  Medivac  
  41  4:16  Supply Depot  
  41  4:17  SCV x2  
  45  4:27  Refinery, Command Center  
  45  4:29  SCV  
  46  4:37  SCV, Hellion, Factory Reactor  
  46  4:38  Supply Depot  
  49  4:41  SCV  
  50  4:45  Armory  
  50  4:49  SCV  
  51  4:53  SCV  
  51  4:59  Hellion  
  54  5:01  Viking, SCV  
  54  5:06  Supply Depot  
  57  5:10  SCV  
  57  5:11  Factory  
  57  5:13  SCV  
  61  5:14  Hellion  
  61  5:22  SCV  
  61  5:26  Supply Depot  
  61  5:28  SCV, Hellion x2, Marine  
  68  5:30  Supply Depot  
  68  5:34  SCV  
  69  5:36  Terran Vehicle Weapons Level 1, Infernal Pre-Igniter  
  69  5:42  Hellbat  
  73  5:50  Hellbat  
  73  5:57  Factory Tech Lab, Siege Tank  
  73  6:00  Supply Depot  
  76  6:05  Supply Depot  
  76  6:07  Orbital Command  
  76  6:13  Armory  
  76  6:18  Siege Tank  
  79  6:19  Engineering Bay, Hellbat x2  
  81  6:46  Orbital Command  
  81  6:49  SCV x2  
  86  6:54  Siege Tank x2  
  86  6:55  Hellbat x2  
  94  7:01  SCV x2  
  94  7:08  Supply Depot  
  95  7:10  Barracks Tech Lab  
  95  7:13  Supply Depot  
  95  7:16  Starport Tech Lab  
  95  7:18  Hellbat x2  
  95  7:22  SCV x2  
  101  7:23  SCV  
  101  7:25  Refinery  
  101  7:26  Refinery  
  102  7:31  Terran Vehicle And Ship Armor Level 1  
  102  7:38  Supply Depot  
  102  7:41  Supply Depot, Factory  
  102  7:42  Siege Tank x2  
  102  7:43  Hellbat x2  
  112  7:44  SCV x2  
  112  7:46  SCV  
  115  8:01  Supply Depot  
  115  8:04  Supply Depot  
  115  8:09  SCV x3  
  115  8:10  Factory  
  118  8:14  Siege Tank x2  
  124  8:28  Factory Tech Lab  
  124  8:31  Sensor Tower  
  128  8:34  Hellbat x2, Command Center  
  128  8:42  Medivac  
  128  8:46  Siege Tank x2  
  136  9:04  Thor  
  136  9:05  Supply Depot x2, Factory Reactor  
  136  9:06  Hellbat x2  
  146  9:12  Medivac  
  140  9:26  Thor  
  140  9:28  Siege Tank  
  140  9:30  Hellbat x2  
  153  9:34  Supply Depot  
  153  9:36  Supply Depot  
  153  9:44  Factory  
  155  9:46  Hellbat x2, Factory  
  155  9:47  SCV x3, Refinery  
  155  9:49  Orbital Command  
  160  10:18  Siege Tank x2  
  160  10:19  Cyclone  
  160  10:20  Hellbat x4  
  177  10:22  Viking  
  147  10:52  Medivac  
  123  11:04  Hellbat x2  
  123  11:05  Cyclone, Hellbat x2  
  123  11:06  Cyclone, Thor  
  122  11:22  Medivac  
  100  11:26  Hellbat x2  
  100  11:27  Hellbat x2  
  93  11:34  Factory Tech Lab  
  93  11:35  Factory Reactor  
  93  11:41  Cyclone, Siege Tank  
  99  11:47  Hellbat  
  99  11:48  Hellbat x3  
  99  11:49  Thor  
  99  11:52  Medivac  
  98  12:06  Factory Reactor  
  81  12:11  Hellbat x2  
  81  12:12  Hellbat x2  
  81  12:13  Thor x2  
  88  12:32  Siege Tank  
  88  12:34  Hellbat x2  
  88  12:35  Hellbat x2  
  99  12:46  SCV x3  
  102  12:56  Siege Tank x2  
  109  12:58  SCV x3  
  109  13:01  Liberator  
  109  13:04  Cyclone  
  117  13:06  Starport  
  117  13:07  Supply Depot  
  117  13:12  Hellbat x3  
  123  13:23  SCV  
  123  13:24  SCV x2  
  126  13:28  Cyclone, Command Center, Siege Tank  
  132  13:38  Siege Tank  
  132  13:41  Hellbat x2  
  139  13:44  Starport Reactor, Liberator  
  142  13:48  Terran Vehicle Weapons Level 2  
  142  13:50  Terran Vehicle And Ship Armor Level 2  
  142  14:00  Siege Tank  
  142  14:01  Siege Tank  
  142  14:02  SCV x3  
  151  14:05  Refinery  
  151  14:10  Cyclone, Hellbat x3  
  151  14:11  Hellbat  
  162  14:23  Medivac x2  
  166  14:26  Liberator  
  169  14:32  Siege Tank  
  169  14:33  Siege Tank  
  169  14:37  Hellbat x4  
  183  14:47  Orbital Command  
  183  14:53  SCV x2, Liberator x2  
  183  14:54  SCV  
  192  15:06  Refinery, Sensor Tower  
  192  15:09  Raven  
  73  16:10  Hellbat x3  
  73  16:11  Cyclone, Hellbat, Siege Tank x2  
  67  16:31  Hellbat  
  67  16:32  Hellbat x2  
  66  16:43  Siege Tank x3  
  72  16:53  Hellbat  
  63  17:00  Hellbat x2  
Tags
 
Add a new tag
Caveats
  • Supply blocks, unpowered buildings, or Contaminate may cause inaccurate times.
  • Supply counts are checked every 10 seconds.